 Dungeon Crawl Stone Soup version 0.15-a0-60-g2d7d1c5 (webtiles) character file.

186 Bonarez the Firebug (level 4, -15/24 HPs)
             Began as a Deep Elf Fire Elementalist on Apr 6, 2014.
             Killed by an exploding giant spore (39 damage)
             ... on Level 3 of the Dungeon.
             The game lasted 00:06:35 (2270 turns).

Bonarez the Firebug (Deep Elf Fire Elementalist)    Turns: 2270, Time: 00:06:36

HP -15/24        AC  2     Str  6      XL: 4   Next: 18%
MP  11/15        EV 13     Int 20      God:
Gold 106         SH  0     Dex 15      Spells:  3 memorised,  5 levels left

rFire  . . .     SeeInvis .     e - +0 dagger
rCold  . . .     Clarity  .     q - +0 robe
rNeg   . . .     Conserve .     (no shield)
rPois  .         rCorr    .     (no helmet)
rElec  .         rRot     .     (no cloak)
SustAb . .       Spirit   .     (no gloves)
rMut   .         Warding  .     (no boots)
Saprov . . .     Stasis   .     (no amulet)
MR     .....                    (no ring)
                                (no ring)

@: confused, not resistant to hostile enchantments, very unstealthy
A: no striking features
a: no special abilities


You were on level 3 of the Dungeon.
You were not hungry.

You visited 1 branch of the dungeon, and saw 3 of its levels.

You collected 106 gold pieces.

Inventory:

Hand weapons
 e - a +0,+0 dagger (weapon)
Armour
 q - a +0 robe (worn)
Comestibles
 c - a bread ration
 k - 2 meat rations
 s - an apple
Scrolls
 a - a scroll of fog {unknown}
 d - a scroll of blinking {unknown}
 f - a scroll of remove curse {unknown}
 i - 2 scrolls of identify {unknown}
 o - a scroll of enchant weapon I {unknown}
 r - 2 scrolls of random uselessness {unknown}
 t - a scroll of fear {unknown}
Jewellery
 l - an uncursed ring of flight {unknown}
 m - an uncursed ring of positive energy {unknown}
 n - an uncursed ring of sustain abilities {unknown}
Potions
 g - a potion of brilliance {unknown}
 h - 2 potions of heal wounds {unknown}
 j - 2 potions of mutation {unknown}
 p - a potion of restore abilities {unknown}
Books
 b - a book of Flames

   Spells                             Type                      Level
   *Flame Tongue                      Conjuration/Fire             1
   *Throw Flame                       Conjuration/Fire             2
   *Conjure Flame                     Conjuration/Fire             3
   Inner Flame                        Hexes/Fire                   3
   Sticky Flame                       Conjuration/Fire             4
   Fireball                           Conjuration/Fire             5


   Skills:
 + Level 2.5 Dodging
 + Level 2.5 Stealth
 + Level 4.2 Spellcasting
 + Level 2.3 Conjurations
 + Level 4.3 Fire Magic


You had 5 spell levels left.
You knew the following spells:

 Your Spells              Type           Power        Failure   Level  Hunger
a - Flame Tongue          Conj/Fire      ###..        3%          1    None
b - Throw Flame           Conj/Fire      ###...       6%          2    #......
c - Conjure Flame         Conj/Fire      ###.....     12%         3    ###....


Dungeon Overview and Level Annotations

Branches:
Dungeon (3/15)

Altars:


Message History

Aim: an adder (resting)
The puff of flame misses the adder.
The adder moves out of view.
s - an apple A giant spore comes into view.
The giant spore waves its rhizomes.
A ballistomycete grows in the wake of the spore.
Found a scroll labeled NEIBRIEFEI.
Things that are here:
a short sword; 3 darts
Casting: Throw Flame
Confirm with . or Enter, or press ? or * to list all spells.
Aiming: Flame Tongue
Press: ? - help, Shift-Dir - straight line, f - giant spore
Aim: a giant spore The flame misses the giant spore.
The giant spore explodes!
A fungus suddenly grows.
The explosion of spores engulfs you!
You are confused.
Ouch! That really hurt!
You die...

....)..... ..........
###.#.... #.##.#...
<......%. #.##.#.. ###.##...
#.##.#.# . #.##.#.# #
.....######.##...###########
............................
.....######@####....########
. ....?f.f.####..%.# #
................#
...###...###.########### ..
#...# #............ #...#
#.########### #####
#.#####......
#######.##.........
....................


There were no monsters in sight!

Vanquished Creatures
  Jessica (D:2)
  2 adders (D:2)
  A worm (D:2)
  2 giant geckos (D:2)
  A giant cockroach (D:1)
  2 goblins
  4 hobgoblins
  3 ball pythons
  5 bats
  2 giant newts (D:1)
  2 jackals (D:1)
  12 kobolds
  6 rats
43 creatures vanquished.

Notes
Turn   | Place    | Note
--------------------------------------------------------------
     0 | D:1      | Bonarez, the Deep Elf Fire Elementalist, began the quest for the Orb.
     0 | D:1      | Reached XP level 1. HP: 10/10 MP: 5/5
   434 | D:1      | Reached XP level 2. HP: 15/15 MP: 6/8
   438 | D:1      | Learned a level 2 spell: Throw Flame
  1390 | D:2      | Reached skill level 4 in Fire Magic
  1390 | D:2      | Reached XP level 3. HP: 19/19 MP: 1/11
  1471 | D:2      | Learned a level 3 spell: Conjure Flame
  1733 | D:2      | Noticed Jessica
  1739 | D:2      | Killed Jessica
  1985 | D:2      | Reached XP level 4. HP: 21/24 MP: 6/15
  2270 | D:3      | Killed by an exploding giant spore

Action                   |  1- 3 |  4- 6 || total
-------------------------+-------+-------++-------
 Cast: Flame Tongue      |    32 |     7 ||    39
       Throw Flame       |    40 |     3 ||    43
